[Event "EDAMI"]
[Site "Internet Chess Club"]
[Date "2020.03.28"]
[Round "3"]
[White "JORDISOLEGRAUS"]
[Black "Josep2012"]
[Result "0-1"]
[ICCResult "White checkmated"]
[WhiteElo "1205"]
[BlackElo "1185"]
[Opening "Bishop's opening: Berlin defense"]
[ECO "C24"]
[NIC "IG.04"]
[Time "13:40:22"]
[TimeControl "300+3"]

1. e4 e5 2. Bc4 Nf6 3. d3 Bc5 4. Bg5 h5 5. Bxf6 Qxf6 6. Qxh5 Rxh5 7. Bb5 Nc6
8. Nc3 d6 9. Nd5 Qxf2+ 10. Kd1 Qf1+ 11. Kd2 Qxa1 12. Nxc7+ Kd8 13. Nxa8 Rg5
14. g3 Qxb2 15. Nf3 Rg6 16. Nh4 Bb4+ 17. Kd1 Qb1+ 18. Ke2 Qxh1 19. Nxg6 fxg6
20. c3 Bxc3 21. Bc4 Qxh2+ 22. Ke3 Bg4 23. Be6 Qxg3# {White checkmated} 0-1

[Event "EDAMI"]
[Site "Internet Chess Club"]
[Date "2020.03.28"]
[Round "3"]
[White "Danielosky"]
[Black "PedreteBcn"]
[Result "0-1"]
[ICCResult "White forfeits on time"]
[WhiteElo "1038"]
[BlackElo "1282"]
[Opening "Scotch opening"]
[ECO "C44"]
[NIC "SO.06"]
[Time "13:37:41"]
[TimeControl "300+3"]

1. e4 e5 2. Nf3 Nc6 3. d4 exd4 4. Bf4 Bc5 5. Bc4 Nf6 6. a3 d6 7. b4 Bb6 8.
e5 Qe7 9. Bg5 dxe5 10. O-O O-O 11. a4 a5 12. bxa5 Bxa5 13. Nfd2 Qb4 14. h4
Qb2 15. Nc3 Qxc3 16. g3 Qxd2 17. Rc1 Qxd1 18. Rcxd1 Bc3 19. f3 Rxa4 20. Bb5
Ra2 21. Bc4 Rxc2 22. Bd3 Rd2 23. Rxd2 Bxd2 24. f4 Be3+ 25. Kg2 Ng4 26. Kh3
Nf2+ 27. Kg2 Nxd3 28. Kf3 f6 29. Bxf6 Rxf6 {White forfeits on time} 0-1

[Event "EDAMI"]
[Site "Internet Chess Club"]
[Date "2020.03.28"]
[Round "3"]
[White "Luar10"]
[Black "Mateuchess"]
[Result "1-0"]
[ICCResult "Black checkmated"]
[WhiteElo "1543"]
[BlackElo "1391"]
[Opening "Sicilian: dragon, Yugoslav attack, 10.O-O-O"]
[ECO "B78"]
[NIC "SI.18"]
[Time "13:38:08"]
[TimeControl "300+3"]

1. e4 c5 2. Nf3 d6 3. d4 cxd4 4. Nxd4 Nf6 5. Nc3 g6 6. Be3 Bg7 7. Bc4 O-O 8.
f3 Nc6 9. Qd2 Bd7 10. O-O-O Rc8 11. Kb1 Nxd4 12. Qxd4 Ng4 13. Qd3 Nxe3 14.
Qxe3 Rxc4 15. Qxa7 Bxc3 16. bxc3 Rxc3 17. Qxb7 Qc7 18. Qxc7 Rxc7 19. Rd3 Be6
20. Rhd1 Ra8 21. a3 Rca7 22. Kb2 Kg7 23. Rc3 h5 24. Rd4 Kf6 25. Rb4 Ke5 26.
Rb5+ Kf6 27. h3 g5 28. g4 hxg4 29. hxg4 Rd8 30. Rb4 d5 31. Rd4 Rad7 32. exd5
Rxd5 33. Rxd5 Bxd5 34. Rd3 e6 35. c4 Rb8+ 36. Kc3 Bc6 37. c5 Ra8 38. Kb4
Ra4+ 39. Kb3 Rf4 40. a4 Rxf3 41. Rxf3+ Bxf3 42. Kb4 Bc6 43. a5 Bb7 44. Kb5
Ke7 45. Kb6 Bf3 46. c6 Kd8 47. a6 Bxc6 48. Kxc6 f5 49. a7 fxg4 50. a8=Q+ Ke7
51. Qg8 g3 52. Qxg5+ Kf7 53. Qxg3 Kf6 54. Qf4+ Ke7 55. Qe5 Kf7 56. Kd6 Kg6
57. Qxe6+ Kg7 58. Ke7 Kh8 59. Qg4 Kh7 60. Kf7 Kh6 61. Qg6# {Black
checkmated} 1-0

[Event "EDAMI"]
[Site "Internet Chess Club"]
[Date "2020.03.28"]
[Round "3"]
[White "tomasgarrido"]
[Black "BielPipo"]
[Result "1-0"]
[ICCResult "Black checkmated"]
[WhiteElo "1269"]
[BlackElo "1074"]
[Opening "Queen's pawn game"]
[ECO "D00"]
[NIC "QP.08"]
[Time "13:37:30"]
[TimeControl "300+3"]

1. d4 d5 2. e3 e6 3. Nc3 Nc6 4. Nf3 Nf6 5. Bd3 g6 6. b3 Bg7 7. Ba3 b6 8. Ne5
Nxe5 9. dxe5 Ng4 10. Qxg4 f5 11. exf6 Bxf6 12. O-O h5 13. Qf4 g5 14. Qf3
Bxc3 15. g4 Bxa1 16. Rxa1 hxg4 17. Qxg4 e5 18. e4 Bxg4 19. exd5 Qxd5 20. Re1
Bf5 21. Bxf5 Rf8 22. Bg6+ Kd8 23. Be4 Qa5 24. Bxa8 Rg8 25. Bb2 Qxe1+ 26. Kg2
Kd7 27. Bf3 Rf8 28. Bg4+ Kd6 29. Ba3+ Kc6 30. Bxf8 Qe4+ 31. Bf3 Qxf3+ 32.
Kxf3 e4+ 33. Kxe4 a5 34. c3 b5 35. a4 bxa4 36. bxa4 Kd7 37. Kf5 Ke8 38. Bc5
Kd7 39. Kxg5 c6 40. h4 Ke8 41. h5 Kf7 42. f4 Ke6 43. h6 Kd5 44. h7 Kxc5 45.
h8=Q Kc4 46. f5 Kb3 47. Qe5 Kxa4 48. f6 Kb3 49. f7 a4 50. f8=Q a3 51. Qf1 a2
52. Qb8+ Kc2 53. Qa1 Kd3 54. Qxa2 Ke3 55. Qg3+ Ke4 56. Kf6 c5 57. Qe5+ Kf3
58. Qd2 c4 59. Qdf4+ Kg2 60. Qeg5+ Kh3 61. Qfh4# {Black checkmated} 1-0

[Event "EDAMI"]
[Site "Internet Chess Club"]
[Date "2020.03.28"]
[Round "3"]
[White "planets45"]
[Black "Mark888"]
[Result "0-1"]
[ICCResult "White checkmated"]
[WhiteElo "1260"]
[BlackElo "1170"]
[Opening "French defense"]
[ECO "C00"]
[NIC "FR.01"]
[Time "13:37:45"]
[TimeControl "300+3"]

1. e4 e6 2. Nf3 Bb4 3. Bb5 c6 4. Bc4 d5 5. Bd3 Qf6 6. Nc3 Ba5 7. e5 Qh6 8.
Be2 Bxc3 9. dxc3 Qg6 10. b4 f6 11. O-O Ne7 12. Bd3 Qh5 13. Re1 Nf5 14. Kf1
O-O 15. Nd4 Nxd4 16. Qxh5 Nf5 17. Qxh7+ Kxh7 18. Ba3 Na6 19. exf6 gxf6 20.
b5 cxb5 21. Bxf8 Kg8 22. Ba3 e5 23. g4 Nh4 24. Re3 Bxg4 25. Ke1 Nf3+ 26. Kf1
d4 27. Re4 Bh3+ 28. Ke2 Ng5 29. Bc4+ Kg7 30. Bb3 Nxe4 31. Rg1+ Kh7 32. Bg8+
Kh8 33. Bf8 Rxf8 34. Bb3 Bd7 35. Kd3 Nac5+ 36. Ke2 Nxc3+ 37. Kf3 e4+ 38. Kg3
Nxb3 39. h4 Rg8+ 40. Kf4 Rxg1 41. h5 Rg4# {White checkmated} 0-1

[Event "EDAMI"]
[Site "Internet Chess Club"]
[Date "2020.03.28"]
[Round "3"]
[White "Oierkaskarov"]
[Black "morgana1965"]
[Result "1-0"]
[ICCResult "Black resigns"]
[WhiteElo "1525"]
[BlackElo "1524"]
[Opening "QGD: Neo-orthodox variation, 7.Bh4"]
[ECO "D56"]
[NIC "QO.13"]
[Time "13:37:29"]
[TimeControl "300+3"]

1. d4 d5 2. c4 e6 3. Nc3 Nf6 4. Bg5 Be7 5. Nf3 O-O 6. e3 h6 7. Bh4 Nbd7 8.
cxd5 exd5 9. Bd3 c6 10. O-O Nh5 11. Bxe7 Qxe7 12. Rc1 Nhf6 13. Qc2 Nb6 14.
Rfd1 Re8 15. Ne5 Nbd7 16. Nxd7 Bxd7 17. Ne2 Bg4 18. h3 Bxe2 19. Qxe2 Rad8
20. a3 Ne4 21. b4 f5 22. Qh5 Qg5 23. Qxg5 hxg5 24. b5 cxb5 25. Bxb5 Re7 26.
Bd3 a6 27. Bxe4 dxe4 28. Rc5 g6 29. Rb1 Kg7 30. Rbc1 Rdd7 31. Kf1 Kf6 32.
Ke2 Ke6 33. Kd2 Kd6 34. Kc2 Rc7 35. Kb3 Rxc5 36. Rxc5 b6 37. Rc2 Kd5 38. Kb4
f4 39. a4 Re6 40. a5 b5 41. Rc5+ Kd6 42. Rxg5 fxe3 43. fxe3 Rf6 44. Kc3 Ke6
45. Rg4 Kd5 46. Rg5+ Ke6 47. Re5+ Kd6 48. Rxe4 Rf2 49. Rg4 Ra2 50. Rxg6+ Kc7
51. Rxa6 Kb7 52. Rf6 Rxa5 53. Rf2 Ra6 54. g4 Rg6 55. Rb2 Kb6 56. e4 Rh6 57.
Rh2 Re6 58. Kd3 Rf6 59. Ke3 b4 60. h4 Kb5 61. h5 Rf1 62. Rf2 Rg1 63. Kf3 Rd1
64. d5 Rd3+ 65. Kf4 b3 66. h6 Rh3 67. g5 Rh4+ 68. Kf5 Kb4 69. Kg6 Rxe4 70.
Rh2 Ka3 71. h7 Re8 72. Kf7 Rh8 73. Kg7 Rxh7+ 74. Kxh7 b2 75. Rxb2 Kxb2 76.
d6 {Black resigns} 1-0

[Event "EDAMI"]
[Site "Internet Chess Club"]
[Date "2020.03.28"]
[Round "3"]
[White "Alexelnub"]
[Black "ArnauGuasch"]
[Result "1/2-1/2"]
[ICCResult "Black stalemated"]
[WhiteElo "1075"]
[BlackElo "1137"]
[Opening "French defense"]
[ECO "C00"]
[NIC "FR.01"]
[Time "13:37:43"]
[TimeControl "300+3"]

1. e4 e6 2. g4 e5 3. c3 d6 4. d4 exd4 5. cxd4 Nf6 6. f3 Qd7 7. Qb3 b6 8. Bb5
Ba6 9. Bxd7+ Kxd7 10. Qa3 Kc8 11. Qe3 Nc6 12. d5 Na5 13. g5 Nh5 14. h4 Nc4
15. Qd3 Rb8 16. Na3 Be7 17. Nxc4 Bxc4 18. Qxc4 Rd8 19. Nh3 h6 20. Nf4 hxg5
21. Nxh5 gxh4 22. Nf4 Rg8 23. Nh5 Rh8 24. Ng3 hxg3 25. Rxh8+ Bd8 26. Rh3 g2
27. Be3 g1=Q+ 28. Bxg1 a6 29. f4 Ra8 30. e5 dxe5 31. fxe5 Be7 32. Qc6 Ra7
33. Qc1 g6 34. Rh8+ Bd8 35. Rh1 g5 36. Rh2 g4 37. Rg2 f5 38. Qc2 Be7 39.
Qxf5+ Kb7 40. Qxg4 Bd8 41. Qg8 Kc8 42. Bh2 Ra8 43. Bg3 Ra7 44. Rh2 Ra8 45.
Bh4 Kb7 46. Bxd8 Rxd8 47. Qxd8 Ka7 48. Qxc7+ Ka8 49. Qxb6 a5 50. Qa6+ Kb8
51. Qxa5 Kb7 52. Rc1 Kb8 53. Rh8+ Kb7 54. Rd1 {Black stalemated} 1/2-1/2

[Event "EDAMI"]
[Site "Internet Chess Club"]
[Date "2020.03.28"]
[Round "3"]
[White "Arriazu96"]
[Black "EnautG"]
[Result "1-0"]
[ICCResult "Black forfeits on time"]
[WhiteElo "1267"]
[BlackElo "1241"]
[Opening "Scotch opening"]
[ECO "C44"]
[NIC "KP.10"]
[Time "13:40:22"]
[TimeControl "300+3"]

1. e4 e5 2. Nf3 Nc6 3. d4 Bb4+ 4. c3 Ba5 5. d5 Nb8 6. Nxe5 Bb6 7. Qf3 f6 8.
Nc4 d6 9. Nxb6 cxb6 10. Nd2 Bd7 11. Nc4 Qe7 12. Bf4 Bb5 13. Nxd6+ Kd8 14.
Nxb5 a6 15. Nc7 Ra7 16. Ne6+ Kc8 17. O-O-O Nd7 18. d6 Qxe6 19. Kb1 a5 20. h3
g5 21. Be3 h5 22. Be2 g4 23. Qf5 Qxf5 24. exf5 gxh3 25. Rxh3 Ra8 26. Bb5 Ne5
27. Bxb6 Nd7 28. Bxd7+ Kxd7 29. c4 Re8 30. Re3 Rc8 31. b3 a4 32. Re4 axb3
33. axb3 Rc6 34. Ba5 Rxd6 35. Rxd6+ Kxd6 36. Bb4+ Kc7 37. Kc2 Kb6 38. Kd3
Kc7 39. Re8 Kd7 40. Rb8 Kc7 41. Rf8 Kd7 42. Kd4 Kc7 43. c5 Kd7 44. Kd5 Kc7
45. Ba5+ Kd7 46. b4 Ne7+ 47. Ke4 Rxf8 48. b5 Rh8 49. g3 h4 50. gxh4 Rxh4+
51. Kf3 Ra4 52. Bc3 {Black forfeits on time} 1-0

[Event "EDAMI"]
[Site "Internet Chess Club"]
[Date "2020.03.28"]
[Round "4"]
[White "EnautG"]
[Black "Alexelnub"]
[Result "1-0"]
[ICCResult "Black checkmated"]
[WhiteElo "1273"]
[BlackElo "1068"]
[Opening "King's pawn opening"]
[ECO "B07"]
[NIC "VO.17"]
[Time "13:58:54"]
[TimeControl "300+3"]

1. e4 d6 2. Nf3 g6 3. d4 Bh6 4. Nc3 Bxc1 5. Qxc1 Nc6 6. Qh6 Kd7 7. Qh3+ e6
8. Qh6 Nce7 9. Qf4 f6 10. e5 dxe5 11. dxe5 fxe5 12. Nxe5+ Ke8 13. Qf7#
{Black checkmated}
1-0

[Event "EDAMI"]
[Site "Internet Chess Club"]
[Date "2020.03.28"]
[Round "4"]
[White "FERNANDOA9"]
[Black "Adrisam"]
[Result "0-1"]
[ICCResult "White checkmated"]
[WhiteElo "1184"]
[BlackElo "1289"]
[Opening "King's pawn opening"]
[ECO "B07"]
[NIC "VO.17"]
[Time "13:57:56"]
[TimeControl "300+3"]

1. e4 d6 2. Nf3 Nc6 3. Nc3 Nf6 4. Bc4 g6 5. Ng5 e6 6. O-O Bg7 7. d3 O-O 8.
Be3 Ng4 9. Qxg4 Ne5 10. Qe2 Nxc4 11. dxc4 e5 12. Rfe1 c6 13. Rab1 d5 14.
exd5 cxd5 15. cxd5 e4 16. b3 Bxc3 17. Nxe4 Bxe1 18. Rxe1 Bf5 19. Ng3 Bd7 20.
Bh6 Re8 21. Qd2 Rxe1+ 22. Qxe1 Qc7 23. c3 Re8 24. Qd1 Bb5 25. Qd4 Re1+ 26.
Nf1 Rxf1# {White checkmated} 0-1

[Event "EDAMI"]
[Site "Internet Chess Club"]
[Date "2020.03.28"]
[Round "4"]
[White "JORGEVALLES"]
[Black "ramonramon2006"]
[Result "0-1"]
[ICCResult "White resigns"]
[WhiteElo "988"]
[BlackElo "1261"]
[Opening "King's pawn game"]
[ECO "C44"]
[NIC "KP.10"]
[Time "13:58:01"]
[TimeControl "300+3"]

1. e4 e5 2. Nf3 Nc6 3. Bd3 Nf6 4. Be2 Bc5 5. O-O Nxe4 6. Bd3 Nf6 7. Be4 d5
8. Bd3 e4 9. Bxe4 dxe4 10. Nh4 O-O 11. Re1 Qd6 12. d3 exd3 13. cxd3 Ng4 14.
h3 Qh2+ 15. Kf1 Qh1+ 16. Ke2 Qh2 17. Rh1 Qe5+ 18. Kd2 Nxf2 19. Qf1 Nxh1 20.
Qxh1 Be3+ 21. Kc2 Qc5+ 22. Nc3 Bxc1 23. Rxc1 {White resigns} 0-1

[Event "EDAMI"]
[Site "Internet Chess Club"]
[Date "2020.03.28"]
[Round "4"]
[White "Torre027"]
[Black "Josep2012"]
[Result "1-0"]
[ICCResult "Black checkmated"]
[WhiteElo "1364"]
[BlackElo "1177"]
[Opening "Four knights: Italian variation"]
[ECO "C47"]
[NIC "KP.06"]
[Time "13:58:12"]
[TimeControl "300+3"]

1. e4 e5 2. Nf3 Nc6 3. Nc3 Nf6 4. Bc4 Nxe4 5. Nxe4 d5 6. Nc3 dxc4 7. O-O Bc5
8. Ne4 O-O 9. Nxc5 Qd6 10. Ne4 Qg6 11. Re1 Bh3 12. Nh4 Nd4 13. Nxg6 Bxg2 14.
Nxf8 Bxe4 15. Rxe4 Rxf8 16. Rxe5 Nf3+ 17. Qxf3 f6 18. Qd5+ Rf7 19. Qd8+ Rf8
20. Re8 Rxe8 21. Qxe8# {Black checkmated} 1-0

[Event "EDAMI"]
[Site "Internet Chess Club"]
[Date "2020.03.28"]
[Round "4"]
[White "JotaAlvarez"]
[Black "Poleras123"]
[Result "1-0"]
[ICCResult "Black checkmated"]
[WhiteElo "1393"]
[BlackElo "1215"]
[Opening "Two knights defense (Modern bishop's opening)"]
[ECO "C55"]
[NIC "IG.01"]
[Time "13:58:03"]
[TimeControl "300+3"]

1. e4 e5 2. Nf3 Nc6 3. Bc4 Nf6 4. d3 h6 5. c3 d6 6. Nbd2 Be6 7. Bb3 Bxb3 8.
axb3 Qd7 9. Nf1 O-O-O 10. Be3 Be7 11. Bxa7 Nxa7 12. Rxa7 Qe8 13. Ng3 Kd7 14.
Nf5 Rc8 15. b4 Kd8 16. O-O Rb8 17. Qa4 Qxa4 18. Rxa4 Ng4 19. Rfa1 Bg5 20.
Ra8 Rxa8 21. Rxa8+ Kd7 22. Rxh8 Bf4 23. h3 Bh2+ 24. Nxh2 Nxh2 25. Kxh2 b6
26. Nxg7 h5 27. Nxh5 Ke7 28. Rb8 Kd7 29. Nf6+ Ke7 30. Nd5+ Kd7 31. Rb7 f6
32. Rxc7+ Ke6 33. Re7# {Black checkmated} 1-0

[Event "EDAMI"]
[Site "Internet Chess Club"]
[Date "2020.03.28"]
[Round "4"]
[White "Mateuchess"]
[Black "CHANTAL10"]
[Result "1-0"]
[ICCResult "Black checkmated"]
[WhiteElo "1403"]
[BlackElo "1253"]
[Opening "Two knights defense (Modern bishop's opening)"]
[ECO "C55"]
[NIC "IG.01"]
[Time "13:58:16"]
[TimeControl "300+3"]

1. e4 e5 2. Nf3 Nc6 3. Bc4 Nf6 4. d3 Bb4+ 5. c3 Ba5 6. O-O O-O 7. Bg5 h6 8.
Bh4 b6 9. Bd5 Ba6 10. b4 Nxb4 11. Bxa8 Qxa8 12. cxb4 Bxb4 13. Nbd2 Bc5 14.
Bxf6 gxf6 15. Nc4 b5 16. Nh4 bxc4 17. Qg4+ Kh8 18. Nf5 Rg8 19. Qh5 c3 20.
Qxh6# {Black checkmated} 1-0

[Event "EDAMI"]
[Site "Internet Chess Club"]
[Date "2020.03.28"]
[Round "4"]
[White "MiquelGil"]
[Black "didi08"]
[Result "1-0"]
[ICCResult "Black checkmated"]
[WhiteElo "1061"]
[BlackElo "1277"]
[Opening "Réti opening"]
[ECO "A06"]
[NIC "QP.09"]
[Time "13:58:07"]
[TimeControl "300+3"]

1. Nf3 d5 2. Nc3 e5 3. e4 dxe4 4. Nxe4 Nc6 5. Nc3 Nf6 6. d4 exd4 7. Nxd4
Nxd4 8. Be3 Bc5 9. Bd3 O-O 10. O-O h6 11. h3 b5 12. Nxb5 c6 13. Nxd4 Bxd4
14. Bxd4 Qxd4 15. Re1 Nh5 16. Re4 Qf6 17. Qf3 Bf5 18. Re6 Qxe6 19. Qxf5 Qf6
20. Qh7# {Black checkmated} 1-0

[Event "EDAMI"]
[Site "Internet Chess Club"]
[Date "2020.03.28"]
[Round "4"]
[White "tomasgarrido"]
[Black "Dylan2008"]
[Result "0-1"]
[ICCResult "White checkmated"]
[WhiteElo "1259"]
[BlackElo "1429"]
[Opening "Queen's pawn game"]
[ECO "D00"]
[NIC "QP.08"]
[Time "13:58:00"]
[TimeControl "300+3"]

1. d4 d5 2. e3 Nf6 3. Nc3 Nc6 4. Nf3 e6 5. Bb5 a6 6. Ne5 Bd7 7. Nxd7 Qxd7 8.
Qd3 axb5 9. Qxb5 b6 10. O-O Bd6 11. h3 Ra5 12. Qd3 Nb4 13. Qe2 c5 14. dxc5
bxc5 15. a3 Nc6 16. b4 cxb4 17. Bb2 bxc3 18. Bxc3 Ra8 19. Bxf6 gxf6 20. Qg4
Ke7 21. f4 Rag8 22. Qh5 Rg6 23. f5 exf5 24. Rxf5 Rhg8 25. Qxh7 Rxg2+ 26. Kh1
Rh2# {White checkmated} 0-1

[Event "EDAMI"]
[Site "Internet Chess Club"]
[Date "2020.03.28"]
[Round "4"]
[White "leochicano"]
[Black "JORDISOLEGRAUS"]
[Result "0-1"]
[ICCResult "White checkmated"]
[WhiteElo "1105"]
[BlackElo "1246"]
[Opening "Saragossa opening"]
[ECO "A00"]
[NIC "VO.12"]
[Time "13:57:59"]
[TimeControl "300+3"]

1. c3 Nf6 2. Nf3 Nc6 3. Qb3 d5 4. e4 dxe4 5. Nh4 Na5 6. Qa4+ Nc6 7. Qb3 Be6
8. c4 Nd4 9. Qb4 Nc2+ 10. Kd1 Nxb4 11. d3 exd3 12. a3 Nc2 13. Ra2 Bxc4 14.
b3 Bxb3 15. Rb2 Bc4 16. Rxb7 Qd4 17. Bd2 Ng4 18. Nf3 Qd5 19. Rxc7 Nxf2+ 20.
Kc1 Nxh1 21. g4 Qxf3 22. Nc3 Qxf1+ 23. Kb2 Qa1# {White checkmated} 0-1

[Event "EDAMI"]
[Site "Internet Chess Club"]
[Date "2020.03.28"]
[Round "4"]
[White "pgranadap"]
[Black "Oierkaskarov"]
[Result "0-1"]
[ICCResult "White resigns"]
[WhiteElo "1417"]
[BlackElo "1565"]
[Opening "Scotch game"]
[ECO "C45"]
[NIC "SO.05"]
[Time "13:57:56"]
[TimeControl "300+3"]

1. e4 e5 2. Nf3 Nc6 3. d4 exd4 4. Nxd4 Bc5 5. Be3 Nxd4 6. Bxd4 Bxd4 7. Qxd4
Qf6 8. c3 d6 9. Bc4 Be6 10. Bxe6 fxe6 11. Qa4+ Kf7 12. O-O Ne7 13. Qd7 Rac8
14. f4 Rhd8 15. Qa4 a6 16. f5 e5 17. Qb3+ Kf8 18. Qxb7 Rb8 19. Qxc7 Rdc8 20.
Qa7 Rxb2 21. Qxa6 Qg5 22. Rf2 Qe3 23. Qf1 Rcb8 24. f6 gxf6 25. Kh1 Qxf2 26.
Qxf2 {White resigns} 0-1

[Event "EDAMI"]
[Site "Internet Chess Club"]
[Date "2020.03.28"]
[Round "4"]
[White "Mark888"]
[Black "Alberto555"]
[Result "0-1"]
[ICCResult "White checkmated"]
[WhiteElo "1160"]
[BlackElo "1373"]
[Opening "Van't Kruijs opening"]
[ECO "A00"]
[Time "13:58:09"]
[TimeControl "300+3"]

1. e3 e5 2. Qh5 d6 3. Bc4 g6 4. Qf3 Nf6 5. d4 e4 6. Qf4 d5 7. Bb3 Bg7 8. Nh3
O-O 9. Ng5 Nh5 10. Qf5 Bxf5 11. Bxd5 Qxd5 12. O-O Bg4 13. f3 exf3 14. gxf3
Qxg5 15. fxg4 Qxg4+ 16. Kh1 Qe4+ 17. Kg1 Bxd4 18. exd4 Qxd4+ 19. Kg2 g5 20.
Bxg5 Qg4+ 21. Kh1 Qxg5 22. Nc3 Nc6 23. Ne4 Qd5 24. Rad1 Qxe4+ 25. Kg1 Qe3+
26. Kg2 Nf4+ 27. Rxf4 Qxf4 28. c4 Rfe8 29. b3 Re2+ 30. Kh1 Qxh2#
{White checkmated}
0-1

[Event "EDAMI"]
[Site "Internet Chess Club"]
[Date "2020.03.28"]
[Round "4"]
[White "morgana1965"]
[Black "Marc12"]
[Result "1-0"]
[ICCResult "Black resigns"]
[WhiteElo "1533"]
[BlackElo "1289"]
[Opening "English opening"]
[ECO "A20"]
[NIC "EO.24"]
[Time "13:58:20"]
[TimeControl "300+3"]

1. c4 e5 2. g3 Nf6 3. Bg2 d5 4. cxd5 Nxd5 5. Nc3 Be6 6. Nf3 Nc6 7. O-O Bc5
8. e3 a6 9. Qc2 h6 10. Nxd5 Bxd5 11. Qxc5 Bxf3 12. Bxf3 Qd7 13. Bxc6 Qxc6
14. Qxe5+ Kf8 15. b3 Re8 16. Qc3 Qxc3 17. dxc3 Kg8 18. Ba3 Kh7 19. Rad1 Rd8
20. Rd4 Rhe8 21. Rfd1 Rxd4 22. Rxd4 b6 23. Rd7 c5 24. Rxf7 Rc8 25. Bb2 b5
26. Kf1 c4 27. b4 Rc6 28. Ke2 Rf6 29. Rxf6 gxf6 30. e4 Kg7 31. Ke3 Kf7 32.
Kd4 Ke6 33. Bc1 Kd6 34. Bxh6 Kd7 35. Kd5 Kc7 36. Kc5 Kb7 37. Bg7 Kc7 38.
Bxf6 Kb7 39. h4 Kc7 40. h5 Kd7 41. h6 Ke6 42. e5 Kf5 43. h7 Ke4 44. h8=Q Kf3
45. e6 Kxf2 46. e7 Kxg3 47. e8=Q Kf4 48. Bd8 Kf3 49. Qf6+ Kg4 50. Qg8+
{Black resigns}
1-0

[Event "EDAMI"]
[Site "Internet Chess Club"]
[Date "2020.03.28"]
[Round "4"]
[White "paugallego"]
[Black "AnithingElse"]
[Result "1-0"]
[ICCResult "Black checkmated"]
[WhiteElo "1396"]
[BlackElo "1435"]
[Opening "King's Indian: 4.e4"]
[ECO "E81"]
[NIC "KI.48"]
[Time "13:58:04"]
[TimeControl "300+3"]

1. d4 Nf6 2. c4 g6 3. Nc3 Bg7 4. e4 d6 5. Be3 O-O 6. f3 Nbd7 7. Qd2 c5 8.
Nge2 Nb6 9. b3 Nbd7 10. Bh6 b6 11. Bxg7 Kxg7 12. h4 cxd4 13. Nxd4 Ne5 14. f4
Neg4 15. Be2 h5 16. O-O-O b5 17. Ndxb5 Qb6 18. Kb2 Nf2 19. Rhf1 Nxd1+ 20.
Rxd1 Ng4 21. Nd5 Qf2 22. Nxe7 Qxg2 23. Qc3+ Nf6 24. Rd2 Qxe4 25. Nxd6 Qxe7
26. Bf3 Rb8 27. Qa5 Bf5 28. Nxf5+ gxf5 29. Rg2+ Kh6 30. Qxf5 Nh7 31. Qxh5#
{Black checkmated}
1-0

[Event "EDAMI"]
[Site "Internet Chess Club"]
[Date "2020.03.28"]
[Round "4"]
[White "NoaEscacs"]
[Black "Arriazu96"]
[Result "0-1"]
[ICCResult "White checkmated"]
[WhiteElo "1295"]
[BlackElo "1283"]
[Opening "French: Two knights variation"]
[ECO "C00"]
[NIC "FR.01"]
[Time "13:57:59"]
[TimeControl "300+3"]

1. e4 e6 2. Nf3 d5 3. Nc3 c5 4. d3 a6 5. exd5 exd5 6. Ne5 Nf6 7. Bg5 Be7 8.
Be2 O-O 9. O-O h6 10. Bf4 Nc6 11. h3 Nxe5 12. Bxe5 Bd6 13. Bxd6 Qxd6 14. d4
b6 15. Re1 Bf5 16. dxc5 bxc5 17. Bf3 Rab8 18. Nxd5 Nxd5 19. Bxd5 Rfd8 20.
Bxf7+ Kxf7 21. Qxd6 Rxd6 22. Re2 Rxb2 23. c3 Rxe2 24. a4 Rdd2 25. Rf1 Bc2
26. a5 Ke7 27. Kh1 Rxf2 28. Rg1 Be4 29. Kh2 Rxg2+ 30. Rxg2 Rxg2+ 31. Kh1
Re2+ 32. Kg1 Kd6 33. c4 g5 34. h4 gxh4 35. Kf1 Ra2 36. Kg1 h3 37. Kf1 h2 38.
Ke1 h1=Q# {White checkmated} 0-1

[Event "EDAMI"]
[Site "Internet Chess Club"]
[Date "2020.03.28"]
[Round "4"]
[White "Jultxan"]
[Black "GRVLHPK"]
[Result "1-0"]
[ICCResult "Black forfeits on time"]
[WhiteElo "1151"]
[BlackElo "1059"]
[Opening "Four knights game"]
[ECO "C47"]
[NIC "KP.06"]
[Time "13:58:27"]
[TimeControl "300+3"]

1. e4 e5 2. Nc3 Nc6 3. Nf3 Nf6 4. d3 Bb4 5. Bg5 Bxc3+ 6. bxc3 d6 7. Bxf6
Qxf6 8. d4 exd4 9. cxd4 Bg4 10. d5 Nb4 11. Rb1 Qc3+ 12. Qd2 Nxc2+ 13. Ke2
Bxf3+ 14. gxf3 Nd4+ 15. Ke1 Qc5 16. Rc1 Nxf3+ 17. Ke2 Nd4+ 18. Ke1 Nf3+ 19.
Ke2 Nd4+ 20. Kd1 Qb6 21. Bd3 Nf3 22. Qc2 Nd4 23. Qb1 Qa5 24. Rc4 Nf3 25. Qb4
Qxa2 26. Rc1 a5 27. Qb1 Qxf2 28. Qc2 {Black forfeits on time} 1-0

[Event "EDAMI"]
[Site "Internet Chess Club"]
[Date "2020.03.28"]
[Round "4"]
[White "Onayague"]
[Black "BielPipo"]
[Result "1-0"]
[ICCResult "Black checkmated"]
[WhiteElo "1194"]
[BlackElo "1063"]
[Opening "Four knights: Italian variation"]
[ECO "C47"]
[NIC "KP.06"]
[Time "13:57:56"]
[TimeControl "300+3"]

1. e4 e5 2. Nf3 Nc6 3. Nc3 Nf6 4. Bc4 a6 5. d3 b5 6. Bb3 a5 7. Nxb5 a4 8.
Bc4 Ba6 9. Nc3 Bxc4 10. dxc4 Bb4 11. O-O Bxc3 12. bxc3 Rb8 13. Bg5 h6 14.
Bh4 g5 15. Bg3 Rg8 16. Bxe5 Nxe5 17. Nxe5 d6 18. Nc6 Qc8 19. Nxb8 Qxb8 20.
Rb1 Qc8 21. e5 dxe5 22. Qe1 Kf8 23. Qxe5 Nd7 24. Qf5 Rg6 25. Qe4 Re6 26. Qh7
Ke7 27. Rfe1 Rxe1+ 28. Rxe1+ Kd6 29. Qxf7 Kc6 30. Re6+ Kb7 31. Qf3+ Kb8 32.
Qd5 c6 33. Qd6+ Ka7 34. Re5 Nxe5 35. Qxe5 Qb8 36. Qa5+ Kb7 37. g3 Kc8 38. f4
gxf4 39. gxf4 Qb1+ 40. Kg2 Qxc2+ 41. Kg3 Qxa2 42. Qa8+ Kc7 43. Qa7+ Kc8 44.
Qa6+ Kc7 45. f5 Qc2 46. f6 Qf5 47. Qa5+ Kd6 48. Qb4+ Kd7 49. Qe7+ Kc8 50. f7
Qg6+ 51. Kf3 Qh5+ 52. Kf4 a3 53. f8=Q+ Qe8 54. Qfxe8# {Black checkmated} 1-0

[Event "EDAMI"]
[Site "Internet Chess Club"]
[Date "2020.03.28"]
[Round "4"]
[White "leonardogila"]
[Black "MIQUELSOLEGRAUS"]
[Result "0-1"]
[ICCResult "White forfeits on time"]
[WhiteElo "1209"]
[BlackElo "1128"]
[Opening "Bishop's opening: Classical variation"]
[ECO "C23"]
[NIC "IG.04"]
[Time "13:57:55"]
[TimeControl "300+3"]

1. e4 e5 2. Bc4 Bc5 3. Qh5 Qf6 4. Nf3 g6 5. Qg4 Qd8 6. O-O f5 7. Qg5 Qxg5 8.
Nxg5 Ne7 9. b3 Rf8 10. Nxh7 Rh8 11. Ng5 Nbc6 12. Bb2 Nb4 13. Bxe5 Rh5 14.
Nf3 Nxc2 15. Nc3 Nxa1 16. Rxa1 fxe4 17. Ne1 Rxe5 18. Nb5 Kd8 19. Nf3 Rf5 20.
Nh4 Bxf2+ 21. Kf1 Rf4 22. Nxg6 Nxg6 23. Nd4 e3 24. Nb5 exd2 25. Bg8 c6 26.
Nd6 d1=Q+ 27. Rxd1 Rh4 28. Kxf2 Nf4 29. g3 Rg4 30. gxf4 Rxf4+ 31. Ke3 Rb4
32. Nf7+ Kc7 33. Nh6 d6 34. Nf5 Bxf5 35. Bf7 Re4+ 36. Kd3 Re5+ 37. Kc3 Bg4
38. h4 Bxd1 39. Kd2 Bg4 40. Kd3 Be2+ 41. Kd2 Rf8 42. Bg6 Rf3 43. h5 Rd3+ 44.
Ke1 Bxh5+ 45. Kf1 Bxg6 46. Kf2 Rde3 47. Kf1 Rf5+ 48. Kg2 Ref3 49. Kg1 Rg5+
50. Kh2 Rfg3 {White forfeits on time} 0-1